 Dungeon Crawl Stone Soup version 0.32-a0-441-gaf4921d101 (webtiles) character file.

Game seed: 1814492764796978695

702 Essalna the Digger (level 7, -3/41 HPs)
             Began as a Gargoyle Earth Elementalist on Feb 23, 2024.
             Slain by Pikel
             ... wielding a +1 whip of freezing
              (7 damage)
             ... on level 4 of the Dungeon.
             The game lasted 00:06:41 (3595 turns).

Essalna the Digger (Gargoyle Earth Elementalist)    Turns: 3595, Time: 00:06:42

Health: -3/41      AC:  9    Str: 12    XL:     7   Next: 66%
Magic:  12/12      EV: 12    Int: 17    God:
Gold:   237        SH:  0    Dex: 10    Spells: 9/13 levels left

rFire   . . .        l - +2 short sword (venom)
rCold   . . .        (no shield)
rNeg    + + .        k - +0 leather armour
rPois   ∞            (no helmet)
rElec   +            (no cloak)
rCorr   .            (no gloves)
SInv    .            e - +0 pair of boots
Will    .....        (no amulet)
Stlth   ++           d - ring of positive energy
HPRegen 0.26/turn    (no ring)
MPRegen 0.13/turn

%: no passive effects
@: no status effects
A: sickness immunity, AC +4, negative energy resistance 1, electricity
resistance, torment resistance 1, petrification resistance
a: no special abilities


You were on level 4 of the Dungeon.
You visited 1 branch of the dungeon, and saw 5 of its levels.

You collected 237 gold pieces.

Inventory:

Hand Weapons
 l - a +2 short sword of venom (weapon)
Armour
 a - a +0 robe
 e - a +0 pair of boots (worn)
 k - a +0 leather armour (worn)
Jewellery
 d - a ring of positive energy (left hand)
Wands
 w - a wand of flame (21)
Scrolls
 c - 5 scrolls of amnesia {unknown}
 f - a scroll of fog {unknown}
 h - a scroll of teleportation {unknown}
 i - 2 scrolls of poison {unknown}
 m - 3 scrolls of enchant weapon {unknown}
 o - 3 scrolls of identify {unknown}
 p - 2 scrolls of noise {unknown}
 s - a scroll of immolation {unknown}
 t - a scroll of enchant armour {unknown}
 u - a scroll of revelation {unknown}
Potions
 b - 2 potions of lignification {unknown}
 g - a potion of brilliance {unknown}
 j - 3 potions of haste {unknown}
 n - a potion of berserk rage {unknown}
 q - a potion of ambrosia {unknown}
 r - 2 potions of curing {unknown}
 v - 3 potions of degeneration {unknown}


   Skills:
 + Level 3.2 Fighting
 + Level 3.1 Armour
 + Level 3.0 Dodging
 - Level 2.1 Stealth
 + Level 3.7 Spellcasting
 + Level 3.6 Conjurations
 + Level 5.4 Earth Magic


You had 9 spell levels left.
You knew the following spells:

 Your Spells              Type           Power      Damage    Failure   Level
a - Sandblast             Erth           42%        2d11      2%          1
b - Stone Arrow           Conj/Erth      36%        3d9       10%         3

Your spell library contained the following spells:

 Spells                   Type           Power      Damage    Failure   Level
 Passwall                 Erth           21%        N/A       7%          3
 Static Discharge         Conj/Air       18%        3-4/arc   14%         2
 Necrotise                Necr           12%        1d4       21%         1
 Mercury Vapours          Alch/Air       6%         N/A       30%         2
 Brom's Barrelling Bould  Conj/Erth      18%        2d4       30%         4
 Mephitic Cloud           Conj/Alch/Air  7%         N/A       36%         3
 Vampiric Draining        Necr           3%         2d6       52%         3
 Petrify                  Alch/Erth      12%        N/A       56%         4
 Borgnjor's Vile Clutch   Necr/Erth      6%         N/A       88%         5
 Airstrike                Air            1%         2d(1-17)  90%         4
 Animate Dead             Necr           3%         N/A       90%         4
 Martyr's Knell           Necr/Summ      3%         N/A       90%         4
 Summon Lightning Spire   Summ/Air       3%         N/A       90%         4
 Vhi's Electric Charge    Tloc/Air       6%         N/A       90%         4
 Arcjolt                  Conj/Air       4%         1d14      95%         5
 Freezing Cloud           Conj/Ice/Air   3%         6-21      98%         5
 Curse of Agony           Necr           3%         N/A       99%         5
 Death Channel            Necr           1%         N/A       100%        6
 Maxwell's Capacitive Co  Air            1%         ∞         100%        8


Dungeon Overview and Level Annotations

Branches:
Dungeon (5/15)
 Temple: D:4-7

Altars:
Ashenzari
Cheibriados
Dithmenos
Nemelex Xobeh
Yredelemnul

Annotations:
D:4 Pikel


Innate Abilities, Weirdness & Mutations

You are immune to sickness and miasma.
Your stone body is resilient. (AC +4)
You are immune to poison.
You resist negative energy. (rN+)
You are resistant to electric shocks. (rElec)
You are resistant to unholy torment.
You are immune to petrification.


Message History

There is a stone staircase leading down here.
The lemure attacks as it pursues you! The lemure misses you.
Pikel attacks as he pursues you! Pikel closely misses you.
The lemure attacks as it pursues you! The lemure hits you.
The lemure barely misses you. Pikel attacks as he pursues you!
Pikel hits you with a +1 whip of freezing.
Pikel freezes you.
Pikel cracks his whip.
The lemure attacks as it pursues you! The lemure barely misses you.
Pikel waves his whip at you.
You see here an adder skeleton.
Pikel attacks as he pursues you!
Pikel hits you with a +1 whip of freezing.
Pikel freezes you.
There is an open door here.
Pikel attacks as he pursues you!
Pikel hits you with a +1 whip of freezing.
* * * LOW HITPOINT WARNING * * *
Pikel freezes you.
* * * LOW HITPOINT WARNING * * *
Pikel says, "I knew I should've brought a map."
Items here: ) [ ÷÷.
There is an escape hatch in the floor here.
Pikel attacks as he pursues you!
Pikel hits you with a +1 whip of freezing.
* * * LOW HITPOINT WARNING * * *
Pikel freezes you.
* * * LOW HITPOINT WARNING * * *
Pikel attacks as he pursues you!
Pikel hits you with a +1 whip of freezing.
* * * LOW HITPOINT WARNING * * *
Pikel freezes you.
* * * LOW HITPOINT WARNING * * *
Pikel attacks as he pursues you! Pikel closely misses you.
There is an escape hatch in the floor here.
Pikel attacks as he pursues you!
Pikel hits you with a +1 whip of freezing!
You die...
Pikel says, "Another soul for the market."

...'............†.#....#†.'.#._.#
...#..............#....#..'.#...#
...#..............#....#..#.###.#
...#.....####.....##...#..#.....#
...#.....####.....##...#..#######
...#...................#.....#
...#...................#######
...#....................#
...#........)...@.......#
...'.........[..K.......#
...#.......##.....##....# #####
..5##########.)..5##...## #....
...#...<...##.....##....#####....
...#.......#.................#...
...#.......#...........#.....#...
...#...................#.....#...
...#........####.####..#.....#...


You could see Pikel and a lemure.

Vanquished Creatures
  Grinder (D:3)
  An ice beast (D:3)
  An ogre (D:4)
  A lemure (D:4)
  A scorpion (D:4)
  A jelly (D:4)
  A howler monkey (D:4)
  A bombardier beetle (D:4)
  An orc wizard (D:3)
  An iguana (D:4)
  4 adders
  A ribbon worm (D:3)
  A dart slug (D:4)
  5 orcs
  6 bats
  2 endoplasms
  3 giant cockroaches
  5 goblins
  3 hobgoblins
  7 jackals
  7 kobolds
  5 quokkas
  10 ball pythons
  4 frilled lizards
  7 rats
80 creatures vanquished.

Notes
Turn   | Place    | Note
-------+----------+-------------------------------------------
     0 | D:1      | Essalna the Gargoyle Earth Elementalist began the quest for
                  | the Orb.
     0 | D:1      | Reached XP level 1. HP: 10/10 MP: 3/3
   202 | D:1      | Reached XP level 2. HP: 15/15 MP: 3/5
   416 | D:1      | Reached skill level 4 in Earth Magic
   848 | D:2      | Found a snail-covered altar of Cheibriados.
  1017 | D:2      | Reached XP level 3. HP: 20/20 MP: 6/6
  1246 | D:2      | Reached skill level 1 in Fighting
  1592 | D:3      | Noticed Grinder
  1593 | D:3      | Noticed an ice beast
  1607 | D:3      | Killed an ice beast
  1607 | D:3      | Paralysed by Grinder for 4 turns
  1608 | D:3      | Reached skill level 1 in Armour
  1608 | D:3      | Reached XP level 4. HP: 15/26 MP: 0/8
  1608 | D:3      | Reached XP level 5. HP: 17/30 MP: 0/9
  1699 | D:3      | Paralysed by Grinder for 3 turns
  1810 | D:3      | Killed Grinder
  1811 | D:3      | Reached XP level 6. HP: 28/36 MP: 5/10
  2098 | D:3      | Found a broken altar of Ashenzari.
  2413 | D:3      | Reached skill level 5 in Earth Magic
  2677 | D:4      | Found a basalt altar of Yredelemnul.
  2724 | D:4      | Found a shadowy altar of Dithmenos.
  2751 | D:4      | Reached XP level 7. HP: 40/40 MP: 8/12
  2960 | D:4      | Learned a level 3 spell: Stone Arrow
  3445 | D:4      | Found a sparkling altar of Nemelex Xobeh.
  3499 | D:5      | Entered Level 5 of the Dungeon
  3499 | D:5      | Noticed Pikel
  3595 | D:4      | Slain by Pikel

Illustrated notes

Levels and vault maps discovered:
D:1:      dpeg_arrival_orchard, layout_basic, minmay_misc_feat_chi,
          chequers_serial_rivers_micro_d
D:2:      layout_rooms, basic_altar, kennysheep_minor_cross,
          nicolae_figureground_pulse
D:3:      layout_basic, ashenzari_altar_1, grunt_ministairs_8, uniq_grinder
D:4:      layout_gridville, mainiacjoe_overflow_alcove_4, old_standard_altar,
          nemelex_dance_club_becter, minmay_bisected
D:5:      layout_loops_corners, mainiacjoe_overflow_chevrons,
          makhleb_altar_promises_db, temple_hall_moat, minmay_misc_feat_iff,
          serial_bayou_lagoon_a, uniq_pikel

Skill      XL: |  1  2  3  4  5  6  7 |
---------------+----------------------+-----
Earth Magic    | 4 5 |  5.4
Conjurations   | 2 3 |  3.6
Fighting       | 1 2 3 |  3.2
Armour         | 1 2 3 |  3.1
Dodging        | 2 3 |  3.0
Spellcasting   | 3 |  3.7
Stealth        | |  2.1

Action                     |  1- 3 |  4- 6 |  7- 9 || total
---------------------------+-------+-------+-------++-------
  Melee: Unarmed           |     1 |       |       ||     1
         Short sword       |     6 |    25 |       ||    31
   Cast: Sandblast         |    46 |    48 |    28 ||   122
         Stone Arrow       |       |       |     1 ||     1
    Use: Potion            |       |     1 |       ||     1
 Armour: Robe              |     6 |       |       ||     6
         Leather armour    |     5 |    32 |    26 ||    63
  Dodge: Dodged            |    16 |    24 |    12 ||    52

Table legend: (Time is in decaauts)
 A = Elapsed time spent in this place.
 B = Non-inter-level travel time spent in this place.
 C = Inter-level travel time spent in this place.
 D = Time resting spent in this place.
 E = Time spent auto-exploring this place.
 F = Levels seen in this place.
 G = Mean time per level.
                   A        B        C        D        E       F      G
               +--------+--------+--------+--------+--------+-----+--------+
         Total |   3657 |   3499 |    158 |    154 |   2729 |   5 |  731.4 |
       Dungeon |   3657 |   3499 |    158 |    154 |   2729 |   5 |  731.4 |
               +--------+--------+--------+--------+--------+-----+--------+

Top non-repeatable levels by time:
     D:4: 1145 daAuts
     D:2: 906 daAuts
     D:1: 858 daAuts
     D:3: 742 daAuts
     D:5: 4 daAuts
